 Dungeon Crawl Stone Soup version 0.29.1-15-g9cfb28693d (webtiles) character file.

Game seed: 18405848327377105586

3417 MacCMillion the Cleaver (level 10, -3/88 HPs)
             Began as a Hill Orc Fighter on Mar 1, 2023.
             Was a Believer of Makhleb.
             Slain by an orc warrior
             ... wielding a +0 glaive
              (20 damage)
             ... in a bailey.
             The game lasted 00:25:49 (10246 turns).

MacCMillion the Cleaver (Hill Orc Fighter)         Turns: 10246, Time: 00:25:50

Health: -3/88      AC: 15    Str: 24    XL:     10   Next: 5%
Magic:  13/13      EV:  8    Int:  8    God:    Makhleb [**....]
Gold:   281        SH:  6    Dex: 19    Spells: 9/9 levels left

rFire   . . .      SeeInvis .   K - +0 war axe
rCold   . . .      Faith    .   c - +0 buckler
rNeg    . . .      Spirit   .   L - +0 chain mail
rPois   .          Reflect  .   (no helmet)
rElec   .          Harm     .   (no cloak)
rCorr   .          Rampage  .   b - +2 pair of gloves {Dex+3}
Will    .....                   i - +0 pair of boots
Stlth   ..........              (no amulet)
HPRegen 0.24/turn               B - +4 ring of slaying
MPRegen 0.13/turn               a - +6 ring of dexterity

@: no status effects
A: no striking features
a: Renounce Religion, Minor Destruction


You were in a bailey.
You worshipped Makhleb.
Makhleb was pleased with you.
You visited 2 branches of the dungeon, and saw 9 of its levels.
You also visited: Bailey.

You collected 281 gold pieces.

Inventory:

Hand Weapons
 K - a +0 war axe (weapon)
Missiles
 g - 5 throwing nets
 A - 16 poisoned darts
 M - a boomerang
 R - 3 javelins
Armour
 b - a +2 pair of gloves of dexterity (worn)
 c - a +0 buckler (worn)
 i - a +0 pair of boots (worn)
 L - a +0 chain mail (worn)
 S - a +0 kite shield
Jewellery
 a - a +6 ring of dexterity (right hand)
 k - a ring of protection from cold
 p - a ring of protection from fire
 t - a ring of wizardry
 u - a ring of see invisible
 v - the ring of Kuolakup {Will+ Str-3 Int-5 Dex+7 SInv}
   (You found it on level 2 of the Dungeon)

   [ring of willpower]

   Str:       It affects your strength (-3).
   Int:       It affects your intelligence (-5).
   Dex:       It affects your dexterity (+7).
   SInv:      It lets you see invisible.
   Will:      It increases your willpower.
 B - a +4 ring of slaying (left hand)
 P - a ring of positive energy
Wands
 H - a wand of acid (7)
 I - a wand of charming (5)
 N - a wand of roots (6)
 O - a wand of flame (19)
Scrolls
 e - 3 scrolls of amnesia
 h - 2 scrolls of immolation
 j - a scroll of fear
 q - 2 scrolls of noise
 w - 2 scrolls of teleportation
 x - a scroll of silence {unknown}
 y - a scroll of torment {unknown}
 z - 3 scrolls of fog
 E - a scroll of magic mapping {unknown}
 F - a scroll of blinking {unknown}
 G - 2 scrolls of enchant armour
 Q - a scroll of summoning {unknown}
Potions
 d - 2 potions of might
 f - 2 potions of cancellation
 l - a potion of lignification
 m - a potion of heal wounds
 n - 2 potions of brilliance
 o - a potion of curing
 r - 2 potions of mutation
 s - a potion of ambrosia
 C - 3 potions of attraction
 D - a potion of magic {unknown}
 J - a potion of degeneration {unknown}


   Skills:
 + Level 8.1 Fighting
 * Level 13.7 Axes
 + Level 6.8 Armour
 - Level 4.0 Shields
 + Level 4.6 Invocations


You had 9 spell levels left.
You didn't know any spells.
Your spell library contained the following spells:

 Spells                   Type           Power      Damage    Failure   Level
 Shock                    Conj/Air       0%         1d3       98%         1
 Call Canine Familiar     Summ           0%         N/A       100%        3
 Portal Projectile        Hex/Tloc       0%         N/A       100%        3
 Swiftness                Air            0%         N/A       100%        3
 Airstrike                Air            0%         2d(0-16)  100%        4
 Leda's Liquefaction      Hex/Erth       0%         N/A       100%        4


Dungeon Overview and Level Annotations

Branches:
Dungeon (8/15)             Temple (1/1) D:4          Bailey (1/1)
   Lair: D:8-11

Altars:
Ashenzari
Cheibriados
Dithmenos
Fedhas
Gozag
Hepliaklqana
Kikubaaqudgha
Makhleb
Nemelex Xobeh
Okawaru
Qazlal
Sif Muna
Trog
Uskayaw
Vehumet
Wu Jian
Xom
Yredelemnul
Zin
The Shining One

Annotations:
D:2 1 runed translucent door, Crazy Yiuf
D:4 Edmund
D:6 Troll
D:8 3 runed translucent doors, Erica; laros's ghost, novice MiBe Bailey 2 runed translucent doors


Message History

You slash the orc!
You kill the orc!
Makhleb accepts your kill.
You feel better.
You hit the orc. You hit the orc.
You kill the orc!
Makhleb accepts your kill.
You feel better.
The glob of acid hits the orc knight.
The acid corrodes the orc knight!
The orc knight is lightly wounded.
An orc warrior comes into view. It is wielding a +0 glaive.
The orc knight resists with some effort.
The zap hits the orc knight.
The orc knight is lightly wounded.
The glob of acid hits the orc knight.
The orc knight seems to be corroded for longer.
The orc knight is lightly wounded.
The orc knight hits you but does no damage.
The zap hits the orc knight.
The orc knight is lightly wounded.
The zap misses the orc warrior.
The orc knight roars a battlecry!
The orc warrior goes into a battle-frenzy!
The orc knight resists with some effort.
The orc knight barely misses you.
An orc warrior comes into view. It is wielding a +0 spear.
An orc comes into view. It is wielding a +0 halberd.
The orc knight roars a battlecry!
The orc goes into a battle-frenzy!
The orc warrior hits you with a +0 glaive!!
You barely miss the orc knight.
The orc knight is lightly wounded.
You slash the orc warrior!
The orc knight hits you with a +0 trident!
* * * LOW HITPOINT WARNING * * *
The orc warrior hits you with a +0 glaive.
* * * LOW HITPOINT WARNING * * *
You block the orc knight's attack.
The orc warrior hits you from afar with a +0 glaive!!
You die...

.....≈≈≈≈....#..#
....######...#.8#
.............#..# .
...).........'..# +.
.............').# .+.
.............#..# ..#
....######...#)8# ..#
..♣..≈≈≈≈....#))########.
.♣♣..≈≈≈≈...##.)@.o..o...
.....≈≈≈≈...#...))o......
###..≈≈≈≈≈..#$.##########
...≈≈≈≈..#### ♣..≈≈≈≈≈..♣
♣♣..≈≈≈≈≈.♣ ♣♣♣♣≈≈≈≈≈♣
♣≈≈≈≈≈♣ #######


You could see an orc knight (corroded), an orc warrior (strong) and an orc
(strong).

Vanquished Creatures
  Maggie (D:8)
  2 wyverns
  A water moccasin (D:5)
  2 black bears
  3 sky beasts
  4 orc warriors (Bailey)
  2 ice beasts (D:7)
  An ogre (D:6)
  2 centaurs (D:7)
  2 phantoms
  3 bullfrogs
  3 necrophages (D:5)
  A gnoll sergeant (D:7)
  3 scorpions
  A howler monkey (D:4)
  2 jellies
  2 hounds
  An orc priest (D:5)
  2 gnoll boudas
  2 iguanas
  An orc wizard (D:4)
  16 gnolls
  6 adders
  A shadow imp (D:5)
  A white imp (D:6)
  A worm (D:4)
  2 dart slugs
  23 orcs
  2 bats (D:2)
  5 endoplasms
  8 giant cockroaches
  11 goblins
  9 hobgoblins
  9 jackals
  11 kobolds
  3 quokkas
  7 ball pythons
  4 frilled lizards
  5 rats
165 creatures vanquished.

Vanquished Creatures (others)
  2 fungi (D:2)
  A plant (D:7)
3 creatures vanquished.

Grand Total: 168 creatures vanquished

Notes
Turn   | Place    | Note
-------+----------+-------------------------------------------
     0 | D:1      | MacCMillion the Hill Orc Fighter began the quest for the
                  | Orb.
     0 | D:1      | Reached XP level 1. HP: 19/19 MP: 1/1
   129 | D:1      | Reached skill level 3 in Axes
   142 | D:1      | Reached XP level 2. HP: 23/26 MP: 2/2
   406 | D:1      | Found a faded altar of an unknown god.
   432 | D:1      | Reached XP level 3. HP: 31/31 MP: 3/3
   891 | D:2      | Identified the ring of Kuolakup {Will+ Str-3 Int-5 Dex+7
                  | SInv}
   965 | D:2      | Reached skill level 4 in Axes
  1336 | D:2      | Found a runed translucent door.
  1337 | D:2      | Noticed Crazy Yiuf
  1417 | D:3      | Reached XP level 4. HP: 36/40 MP: 4/4
  1857 | D:3      | Reached skill level 5 in Axes
  2075 | D:4      | Noticed Edmund
  2471 | D:4      | Noticed a scorpion
  2476 | D:4      | Killed a scorpion
  2477 | D:4      | Reached XP level 5. HP: 35/47 MP: 5/5
  2680 | D:4      | Reached skill level 6 in Axes
  2942 | D:4      | Noticed a phantom
  2997 | D:4      | Killed a phantom
  2998 | D:4      | Reached skill level 5 in Fighting
  2998 | D:4      | Reached XP level 6. HP: 44/56 MP: 6/6
  3000 | D:4      | Reached skill level 7 in Axes
  3233 | D:4      | Found a hide-covered altar of Uskayaw.
  3398 | D:4      | Found a staircase to the Ecumenical Temple.
  3752 | Temple   | Entered the Ecumenical Temple
  3999 | Temple   | Became a worshipper of Makhleb the Destroyer
  4320 | D:5      | Entered Level 5 of the Dungeon
  4614 | D:5      | Reached skill level 8 in Axes
  4650 | D:5      | Reached XP level 7. HP: 48/61 MP: 7/7
  4834 | D:5      | Reached skill level 9 in Axes
  5114 | D:5      | Identified a scroll of acquirement
  5115 | D:5      | Acquired a +1 pair of gloves of dexterity
  5212 | D:5      | Reached skill level 10 in Axes
  5786 | D:6      | Reached XP level 8. HP: 47/69 MP: 8/8
  6151 | D:6      | Reached * piety under Makhleb
  6518 | D:6      | Reached skill level 11 in Axes
  6667 | D:6      | Noticed a troll
  7272 | D:7      | Reached skill level 5 in Armour
  7435 | D:7      | Noticed a wyvern
  7446 | D:7      | Killed a wyvern
  7447 | D:7      | Reached skill level 12 in Axes
  7447 | D:7      | Reached XP level 9. HP: 68/78 MP: 9/9
  7632 | D:7      | Reached skill level 1 in Invocations
  8256 | D:7      | Reached ** piety under Makhleb
  9411 | D:8      | Noticed Erica
  9682 | D:8      | Found a runed translucent gate.
  9682 | D:8      | Found a runed translucent gate.
  9682 | D:8      | Found a runed translucent gate.
  9682 | D:8      | Noticed an 11-headed hydra
  9682 | D:8      | Noticed laros's ghost (novice MiBe)
  9866 | D:8      | Reached skill level 13 in Axes
  9902 | D:8      | Noticed Maggie
  9918 | D:8      | Killed Maggie
  9940 | D:8      | Found a flagged portal.
  9990 | Bailey   | Entered a bailey
 10227 | Bailey   | Reached XP level 10. HP: 77/88 MP: 13/13
 10234 | Bailey   | Noticed an orc knight
 10244 | Bailey   | Found a large runed translucent door.
 10244 | Bailey   | Found a large runed translucent door.
 10246 | Bailey   | Slain by an orc warrior

Illustrated notes

Levels and vault maps discovered:
D:1:      zaba_arrival_water, layout_basic,
          dreamdust_ecumenical_altar_sealed_demon
D:2:      layout_basic, serial_bayou_pond_e, minmay_worlds_worst_comb,
          uniq_crazy_yiuf_cottage
D:3:      layout_rooms
D:4:      layout_layer_cave, nicolae_uskayaw_suspiria, temple_hall,
          chequers_serial_rivers_large_a, uniq_edmund
D:5:      layout_rooms
D:6:      layout_loops_corners, chequers_serial_rivers_micro_e,
          minmay_three_doors
D:7:      corexii_shantytown, layout_basic
D:8:      nicolae_cairo_tiling, layout_basic, nicolae_overflow_two_pavilions,
          enter_bailey_2, gammafunk_ghost_hydra_chop, chequers_mini_garden,
          uniq_erica, uniq_maggie
Temple:   compressed_dpeg_triangle_lava_temple
Bailey:   bailey_polearm_elven_captive_hellmonk, bailey

Skill      XL: |  1  2  3  4  5  6  7  8  9 |
---------------+----------------------------+-----
Axes           | 3 4 5 6 8 10 12 13 | 13.7
Shields        | 4 |  4.0
Fighting       | 4 5 6 8 |  8.1
Armour         | 4 5 6 |  6.8
Invocations    | 4 |  4.6

Action                   |  1- 3 |  4- 6 |  7- 9 | 10-12 || total
-------------------------+-------+-------+-------+-------++-------
Melee: War axe           |    98 |   122 |   306 |    10 ||   536
Throw: Dart              |       |     2 |     4 |       ||     6
Invok: Minor Destruction |       |       |     5 |     6 ||    11
  Use: Scroll            |       |       |    17 |       ||    17
       Potion            |       |       |     4 |       ||     4
Armor: Scale mail        |    58 |    31 |       |       ||    89
       Chain mail        |       |    10 |   128 |     3 ||   141
Dodge: Dodged            |    48 |    53 |    82 |     7 ||   190
Block: Buckler           |    21 |    25 |    70 |     4 ||   120
